 Dungeon Crawl Stone Soup version 0.31-a0-931-g7b59d4eb97 (webtiles) character file.

Game seed: 6805032852332359208

3553 Dordric the Cleaver (level 10, 0/63 HPs)
             Began as a Formicid Fighter on Oct 20, 2023.
             Was a Follower of Hepliaklqana.
             Slain by an orc warrior
             ... wielding a +0 dire flail
              (9 damage)
             ... on level 8 of the Dungeon.
             The game lasted 00:07:59 (6379 turns).

Dordric the Cleaver (Formicid Fighter)              Turns: 6379, Time: 00:07:59

Health: 0/63       AC: 19    Str: 24    XL:     10   Next: 30%
Magic:  10/10      EV:  6    Int:  9    God:    Hepliaklqana [*.....]
Gold:   321        SH:  6    Dex: 13    Spells: 9/9 levels left

rFire   . . .        y - +8 frozen axe "Frostbite" {freeze, freezing cloud, *Noise Fly rC+}
rCold   + . .        c - +0 buckler
rNeg    . . .        n - +0 plate armour
rPois   +            (helmet unavailable)
rElec   .            (no cloak)
rCorr   .            E - +1 pair of gloves
SInv    +            (no boots)
Will    +....        (no amulet) Stlth
                     f - +4 ring of protection
HPRegen 0.30/turn    r - ring of poison resistance
MPRegen 0.12/turn

%: no passive effects
@: flying
A: reduced essence, permanent stasis, dig shafts and tunnels, antennae 3, four
strong arms
a: Dig, Shaft Self, Renounce Religion, Recall Ancestor, Ancestor Identity


You were on level 8 of the Dungeon.
You worshipped Hepliaklqana.
Hepliaklqana was aware of your devotion.
You visited 2 branches of the dungeon, and saw 9 of its levels.

You collected 321 gold pieces.

Inventory:

Hand Weapons
 a - a +1 flail
 s - a +0 morningstar
 x - a +0 giant spiked club
 y - the +8 frozen axe "Frostbite" (weapon) {freeze, freezing cloud, *Noise Fly rC+}
   (You found it on level 5 of the Dungeon)

   rC+:       It protects you from cold.
   Fly:       It grants you flight.
   *Noise:    It may make a loud noise when swung.
Missiles
 i - a throwing net
Armour
 b - a +0 scale mail
 c - a +0 buckler (worn)
 n - a +0 plate armour (worn)
 E - a +1 pair of gloves (worn)
Jewellery
 f - a +4 ring of protection (left hand)
 l - a ring of ice
 p - the ring "Pyves" {rN+ Str-5 Dex+4 Stlth+}
   (You found it on level 3 of the Dungeon)

   [ring of positive energy]

   Str-5:     It affects your strength (-5).
   Dex+4:     It affects your dexterity (+4).
   rN+:       It protects you from negative energy.
   Stlth+:    It makes you more stealthy.
 r - a ring of poison resistance (right hand)
Wands
 m - a wand of flame (8)
 v - a wand of roots (8)
 w - a wand of digging (10)
Scrolls
 h - 3 scrolls of teleportation
 j - 3 scrolls of blinking
 k - a scroll of revelation
 o - a scroll of enchant weapon
 u - a scroll of fog
 A - 2 scrolls of fear {unknown}
 B - a scroll of poison
 F - a scroll of identify
Potions
 d - a potion of might
 e - 3 potions of brilliance {unknown}
 g - 5 potions of curing {unknown}
 q - 2 potions of heal wounds {unknown}
 t - 3 potions of magic {unknown}
 z - a potion of ambrosia {unknown}
 C - a potion of attraction {unknown}
 D - a potion of degeneration {unknown}


   Skills:
 - Level 3.2 Fighting
 + Level 10.2(11.0) Axes
 - Level 6.2(9.1) Maces & Flails
 - Level 6.3 Armour
 - Level 8.7 Shields


You had 9 spell levels left.
You didn't know any spells.
Your spell library contained the following spells:

 Spells                   Type           Power      Damage    Failure   Level
 Necrotise                Necr           0%         1d4       100%        1
 Lesser Beckoning         Tloc           0%         N/A       100%        2
 Momentum Strike          Conj/Tloc      0%         3d8       100%        2
 Gell's Gravitas          Tloc           0%         N/A       100%        3
 Teleport Other           Tloc           0%         N/A       100%        3
 Vampiric Draining        Necr           0%         2d6       100%        3
 Agony                    Necr           0%         N/A       100%        5
 Blink                    Tloc           Unusable   N/A       N/A         2

Dungeon Overview and Level Annotations

Branches:
Dungeon (8/15)             Temple (1/1) D:5
   Lair: D:8-11

Altars:
Ashenzari
Cheibriados
Elyvilon
Fedhas
Gozag
Hepliaklqana
Kikubaaqudgha
Makhleb
Nemelex Xobeh
Okawaru
Qazlal
Sif Muna
Trog
Uskayaw
Vehumet
Wu Jian
Yredelemnul
The Shining One

Shops:
D:7 *


Innate Abilities, Weirdness & Mutations

Your life essence is reduced to manifest your ancestor. (-10% HP)
You cannot be hasted, slowed, berserked, paralysed or teleported.
You can dig through walls and to a lower floor.
You have a pair of large antennae on your head. (SInv)
Your four strong arms can wield two-handed weapons with a shield.


Message History

* * * LOW HITPOINT WARNING * * *
The orc hits Lwandle with a +0 hand axe.
Lwandle hits the orc.
The howler monkey hoots and howls with incredible vigour!
You hear a howl!
You slice the orc!! You freeze the orc.
You kill the orc!
The howler monkey hoots and howls with incredible vigour!
Lwandle hits the howler monkey.
The howler monkey dies!
You hear a roar!
You hear a shout!
You swap places.
An orc warrior comes into view. It is wielding a +0 dire flail.
The orc warrior shouts!
Items here: ) [ †††.
You swap places.
Lwandle hits the sky beast!
You hear a roar!
Lwandle hits the sky beast!
You hear a roar!
The orc warrior hits Lwandle with a +0 dire flail!
Lwandle barely misses the sky beast.
The sky beast hits Lwandle.
The sky beast shocks Lwandle.
The orc warrior hits Lwandle with a +0 dire flail!
Lwandle hits the sky beast!
The sky beast dies!
You hear a howl!
The orc warrior hits Lwandle with a +0 dire flail!
Lwandle is destroyed!
A howler monkey comes into view.
You hit the orc warrior but do no damage.
The orc warrior hits you but does no damage.
You barely miss the orc warrior.
The orc warrior hits you but does no damage.
The orc warrior barely misses you.
You completely miss the orc warrior.
The orc warrior hits you with a +0 dire flail!
* * * LOW HITPOINT WARNING * * *
You barely miss the orc warrior.
The orc warrior hits you with a +0 dire flail!
You die...

#............###.#R#R#.#
#............# #.#...#.#
#............# #.#####.#
#............# #.#####.#
######............ ......##.###
#................ #._.#.##...<
#...........)### #...#.##..#.
#...........ho.## #.)##.......
#...(.......##@.# #..........
#)..........###.#####.##.###.#.
#...........# #.....#.##.....#.
#........{.{# #####...##.##.##.
#...........# ##.....##.##.
#...........# ##..........
#...........# #.>########
#...........# ####
#...........#


You could see an orc warrior and a howler monkey.

Vanquished Creatures
  A hornet (D:8)
  A wyvern (D:4)
  Eustachio (D:6)
  A shadow (D:6)
  A steam dragon (D:7)
  A water moccasin (D:8)
  3 black bears
  An ice beast (D:6)
  3 centaurs
  An ogre (D:5)
  A phantom (D:5)
  3 bullfrogs
  2 gnoll sergeants
  3 scorpions
  6 wights
  2 howler monkeys
  A gnoll bouda (D:6)
  3 hounds
  3 jellies
  3 orc priests
  A sleepcap (D:4)
  An iguana (D:5)
  Ijyb (D:3)
  5 orc wizards
  8 adders
  11 gnolls
  A white imp (D:6)
  2 worms (D:3)
  3 dart slugs
  13 orcs
  4 endoplasms
  7 giant cockroaches
  2 goblins (D:1)
  8 hobgoblins
  5 jackals
  6 quokkas
  6 ball pythons
  6 bats
  3 frilled lizards
  5 kobolds
  2 rats
141 creatures vanquished.

Vanquished Creatures (collateral kills)
  A sky beast (D:8)
  2 wights (D:7)
  A howler monkey (D:8)
  A jelly (D:7)
5 creatures vanquished.

Vanquished Creatures (others)
  An ancestor (D:8)
1 creature vanquished.

Grand Total: 147 creatures vanquished

Notes
Turn   | Place    | Note
-------+----------+-------------------------------------------
     0 | D:1      | Dordric the Formicid Fighter began the quest for the Orb.
     0 | D:1      | Reached XP level 1. HP: 18/18 MP: 1/1
   135 | D:1      | Reached XP level 2. HP: 24/24 MP: 2/2
   291 | D:1      | Reached XP level 3. HP: 29/29 MP: 3/3
   796 | D:2      | Reached skill level 5 in Shields
   910 | D:2      | Found a faded altar of an unknown god.
  1246 | D:2      | Reached XP level 4. HP: 35/35 MP: 4/4
  1445 | D:3      | Identified the of Bifuarya
  1459 | D:3      | Found a bloodstained altar of Trog.
  1589 | D:3      | Noticed Ijyb
  1627 | D:3      | Killed Ijyb
  1713 | D:3      | Reached XP level 5. HP: 39/41 MP: 5/5
  2011 | D:3      | Identified the ring "Pyves" {rN+ Str-5 Dex+4 Stlth+}
  2327 | D:4      | Found a hazy altar of Hepliaklqana.
  2436 | D:4      | Reached XP level 6. HP: 23/47 MP: 6/6
  2546 | D:4      | Found an ancient bone altar of Kikubaaqudgha.
  2725 | D:4      | Noticed a black bear
  2739 | D:4      | Killed a black bear
  2821 | D:4      | Found a basalt altar of Yredelemnul.
  2911 | D:4      | Reached XP level 7. HP: 39/52 MP: 7/7
  3022 | D:4      | Noticed a wyvern
  3031 | D:4      | Killed a wyvern
  3032 | D:4      | Reached skill level 5 in Maces & Flails
  3032 | D:4      | Reached skill level 5 in Armour
  3222 | D:4      | Reached XP level 8. HP: 53/58 MP: 8/8
  3472 | D:5      | Entered Level 5 of the Dungeon
  3472 | D:5      | Found the -2 hat of the Alchemist {rElec rPois rF+ rC+ rN+
                  | Will+ rMut rCorr}
  3501 | D:5      | Found a staircase to the Ecumenical Temple.
  3675 | Temple   | Entered the Ecumenical Temple
  3738 | D:4      | Became a worshipper of Hepliaklqana the Forgotten
  4183 | D:5      | Found the +8 frozen axe "Frostbite" {freeze, freezing
                  | cloud, *Noise Fly rC+}
  4300 | D:5      | Reached skill level 1 in Axes
  4302 | D:5      | Found a white marble altar of Elyvilon.
  4747 | D:5      | Reached skill level 2 in Axes
  4930 | D:6      | Reached skill level 3 in Axes
  4954 | D:5      | Reached XP level 9. HP: 36/64 MP: 9/9
  5053 | D:6      | Reached skill level 4 in Axes
  5165 | D:6      | Reached skill level 5 in Axes
  5226 | D:6      | Reached skill level 6 in Axes
  5254 | D:6      | Noticed Eustachio
  5257 | D:6      | Killed Eustachio
  5468 | D:6      | Found an ornate altar of the Wu Jian Council.
  5518 | D:6      | Reached skill level 7 in Axes
  5760 | D:7      | Found Wahurrom's Mass Market.
  5761 | D:7      | Reached * piety under Hepliaklqana
  5812 | D:7      | Found a glowing golden altar of the Shining One.
  5942 | D:7      | Reached skill level 8 in Axes
  5995 | D:7      | Reached XP level 10. HP: 63/63 MP: 10/10
  6269 | D:8      | Found a snail-covered altar of Cheibriados.
  6287 | D:8      | Reached skill level 9 in Axes
  6366 | D:8      | Reached skill level 10 in Axes
  6379 | D:8      | Slain by an orc warrior

Illustrated notes

Levels and vault maps discovered:
D:1:      elethiomel_arrival_maze, layout_basic
D:2:      layout_basic, ebering_ecumenical_altar_hall
D:3:      layout_basic, bloody_trog, grunt_ministairs_9, uniq_ijyb
D:4:      layout_basic, kiku_gazebo_pond_becter,
          mainiacjoe_overflow_tiny_flanked, kennysheep_mini_moat, st_stairs_6,
          minmay_vboxes
D:5:      layout_rooms, general_overflow_altar, minmay_temple_entry_ruins
D:6:      layout_rooms, pdpol_wu_jian_five_deadly_venoms, minmay_between,
          uniq_eustachio
D:7:      layout_rooms, kennysheep_mini, minmay_shop_mass
D:8:      layout_basic, cheibriados_altar_1, xom_confusion_cloud,
          old_standard_altar
Temple:   eino_wide_crystal_templ

Skill      XL: |  1  2  3  4  5  6  7  8  9 10 |
---------------+-------------------------------+-----
Shields        | 5 6 7 8 |  8.7
Maces & Flails | 3 4 5 6 |  6.2
Armour         | 4 5 6 |  6.3
Axes           | 3 8 10 | 10.2
Fighting       | |  3.2

Action                     |  1- 3 |  4- 6 |  7- 9 | 10-12 || total
---------------------------+-------+-------+-------+-------++-------
  Melee: Flail             |   106 |   139 |   111 |       ||   356
         Giant spiked club |       |       |    47 |       ||    47
         Executioner's axe |       |       |    76 |    26 ||   102
 Invoke: Ancestor Identity |       |       |     1 |       ||     1
    Use: Scroll            |       |     3 |     6 |       ||     9
 Armour: Scale mail        |    67 |    24 |       |       ||    91
         Plate armour      |       |   117 |   353 |    31 ||   501
  Dodge: Dodged            |    48 |    54 |   139 |    10 ||   251
  Block: Buckler           |    24 |    37 |    71 |     6 ||   138

Table legend: (Time is in decaauts)
 A = Elapsed time spent in this place.
 B = Non-inter-level travel time spent in this place.
 C = Inter-level travel time spent in this place.
 D = Time resting spent in this place.
 E = Time spent auto-exploring this place.
 F = Levels seen in this place.
 G = Mean time per level.
                   A        B        C        D        E       F      G
               +--------+--------+--------+--------+--------+-----+--------+
         Total |   6546 |   6294 |    252 |    524 |   4389 |   9 |  727.3 |
       Dungeon |   6524 |   6272 |    252 |    524 |   4389 |   8 |  815.5 |
        Temple |     21 |     21 |      0 |      0 |      0 |   1 |   21.0 |
               +--------+--------+--------+--------+--------+-----+--------+

Top non-repeatable levels by time:
     D:5: 1426 daAuts
     D:4: 1232 daAuts
     D:3: 901 daAuts
     D:2: 822 daAuts
     D:6: 683 daAuts
     D:1: 654 daAuts
     D:7: 627 daAuts
     D:8: 176 daAuts
  Temple: 21 daAuts
